 Dungeon Crawl Stone Soup version 0.18-a0-1435-gee79d65 (webtiles) character file.

900 4thArraOfDagon the Martial Artist (level 7, -1/52 HPs)
             Began as a Vampire Monk on Feb 28, 2016.
             Was a Believer of Ashenzari.
             Slain by an ice beast (14 damage)
             ... on level 10 of the Dungeon.
             The game lasted 00:08:40 (1655 turns).

4thArraOfDagon the Martial Artist (Vampire Monk)    Turns: 1655, Time: 00:08:41

Health: -1/52      AC:  3    Str: 11    XL:     7   Next: 79%
Magic:  7/7        EV: 16    Int: 12    God:    Ashenzari [**....]
Gold:   225        SH:  0    Dex: 18    Spells: 0 memorised, 6 levels left

rFire  . . .     SeeInvis +       - Unarmed
rCold  . . .     Gourm    .     a - +0 robe
rNeg   . . .     Faith    .     (no shield)
rPois  .         Spirit   .     (no helmet)
rElec  .         Dismiss  .     (no cloak)
rCorr  .         Reflect  .     (no gloves)
SustAt .         Harm     .     f - +0 pair of boots
MR     .....                    (no amulet)
Stlth  +++.......               (no ring)
                                (no ring)

@: regenerating very quickly, not resistant to hostile enchantments, fairly
stealthy
A: fangs 3, see invisible, unbreathing
a: Curse Item, Scrying, Renounce Religion


You were on level 10 of the Dungeon.
You worshipped Ashenzari.
Ashenzari was pleased with you.
You were almost alive.

You visited 1 branch of the dungeon, and saw 10 of its levels.
You also visited: Sewer.

You collected 225 gold pieces.

Inventory:

Hand Weapons
 c - a +2 flail of protection
Armour
 a - a +0 robe (worn)
 f - a +0 pair of boots (worn)
Wands
 q - a wand of iceblast (5/15)
Scrolls
 h - 2 scrolls of fog {unknown}
 j - a scroll of amnesia {unknown}
 l - a scroll of random uselessness {unknown}
 m - a scroll of noise {unknown}
 p - a scroll of enchant armour {unknown}
 r - a scroll of recharging {unknown}
Potions
 b - a potion of magic
 d - 3 potions of curing {unknown}
 e - 2 potions of blood
 g - a potion of berserk rage
 i - a potion of invisibility {unknown}
 k - a potion of heal wounds
 n - a potion of haste {unknown}
 o - 2 potions of flight
 s - a potion of ambrosia {unknown}


   Skills:
 - Level 3.1 Fighting
 + Level 6.1 Dodging
 - Level 5.0 Stealth
 * Level 8.7 Unarmed Combat


You had 6 spell levels left.
You didn't know any spells.

Dungeon Overview and Level Annotations

Branches:
Dungeon (10/15)
 Temple: D:4-7         Lair: D:8-11         Orc: D:9-12

Altars:
Ashenzari

Annotations:
D:3 Draxdyn's ghost, amateur CeHu


Innate Abilities, Weirdness & Mutations

Your natural rate of healing is extremely fast.
You have razor-sharp teeth.
You have supernaturally acute eyesight.
You can survive without breathing.


Message History

The ice beast is moderately wounded.
The ice beast hits you. The ice beast freezes you!
You hit the ice beast.
The ice beast is heavily wounded.
The ice beast hits you. The ice beast freezes you!
You barely miss the ice beast.
The ice beast is heavily wounded.
You hit the ice beast.
The ice beast is severely wounded.
The ice beast hits you. The ice beast freezes you!
* * * LOW HITPOINT WARNING * * *
You are too injured to fight recklessly!
You are too injured to fight recklessly!
There is an open door here.
Evoke which item? (* to show all) (? for menu, Esc to quit)
Okay, then.
The ice beast hits you.
* * * LOW HITPOINT WARNING * * *
The ice beast freezes you!
You die...

, #...........########'#
* +
#............#........
*,+......<.....#........
**#...............).....
* #...........##........
** ##'#########
#........ #.###
#........ #...####
#........ ###Y@..##
######'## ####..# #...#
########'########'####
#...........##.<......
#...........##........
#...........##........
#...........#.........
#...........#.........
#.....................


You could see an ice beast.

Vanquished Creatures
  A hungry ghost (D:10)
  A necrophage (D:10)
  Blork the orc (D:4)
  A howler monkey (D:7)
  2 crimson imps
  A quasit (D:8)
  2 centaur skeletons
  An orc wizard (D:7)
  2 worker ants (D:8)
  A howler monkey skeleton (D:5)
  3 adders
  An adder skeleton (D:5)
  A worm (D:5)
  A giant gecko (D:5)
  7 orcs
  A bat (D:1)
  A giant cockroach (D:4)
  4 goblins
  6 hobgoblins
  7 jackals
  A quokka (D:2)
  A giant newt (D:7)
  5 kobolds
  5 rats
57 creatures vanquished.

Notes
Turn   | Place    | Note
--------------------------------------------------------------
     0 | D:1      | 4thArraOfDagon the Vampire Monk began the quest for the Orb.
     0 | D:1      | Reached XP level 1. HP: 17/17 MP: 1/1
    87 | D:2      | Reached XP level 2. HP: 12/23 MP: 2/2
   295 | D:4      | Noticed an ogre
   325 | D:3      | Reached XP level 3. HP: 23/28 MP: 3/3
   361 | D:3      | Noticed Draxdyn's ghost (amateur CeHu)
   467 | D:4      | Noticed Blork the orc
   484 | D:4      | Killed Blork the orc
   484 | D:4      | Reached skill level 5 in Unarmed Combat
   484 | D:4      | Reached XP level 4. HP: 35/35 MP: 4/4
   528 | D:5      | Entered Level 5 of the Dungeon
   561 | D:5      | Found a glowing drain.
   565 | Sewer    | Entered a sewer
   623 | Sewer    | Noticed a crocodile
   678 | D:5      | Reached skill level 5 in Stealth
   678 | D:5      | Reached XP level 5. HP: 33/41 MP: 5/5
  1010 | D:7      | Found a shattered altar of Ashenzari.
  1046 | D:7      | Became a worshipper of Ashenzari the Shackled
  1046 | D:7      | Reached * piety under Ashenzari
  1046 | D:7      | Reached ** piety under Ashenzari
  1126 | D:7      | Reached skill level 6 in Unarmed Combat
  1213 | D:8      | Turgon: It's very nice when you can start at 2* with Ash
  1225 | D:8      | Turgon: That's a huge difference!
  1225 | D:8      | Reached XP level 6. HP: 47/47 MP: 6/6
  1271 | D:8      | Noticed a wyvern
  1301 | D:8      | 4thArraOfDagon: no remove curse tho:(
  1343 | D:8      | Reached skill level 5 in Dodging
  1376 | D:9      | Turgon: I'm *very* familiar with these problems!
  1377 | D:10     | Entered Level 10 of the Dungeon
  1408 | D:10     | Turgon: No scroll or no item to curse
  1474 | D:10     | Reached skill level 7 in Unarmed Combat
  1491 | D:10     | Noticed an ice beast
  1506 | D:10     | Noticed a wyvern
  1525 | D:10     | Reached skill level 8 in Unarmed Combat
  1525 | D:10     | Reached XP level 7. HP: 26/52 MP: 7/7
  1559 | D:10     | Noticed a hungry ghost
  1589 | D:10     | Killed a hungry ghost
  1655 | D:10     | Slain by an ice beast

Vault maps used:
D:1:      minmay_arrival_five_plusses
D:2:      first_bread
D:3:      kennysheep_six_static_rooms, lemuel_doored_altar
D:4:      minmay_temple_entry_overgrown, serial_shops, shop, uniq_blork_the_orc
D:5:      kennysheep_mini, gup_sewer_entry_bowl, due_unseen_surprise,
          uniq_sigmund
D:6:      minitemple
D:7:      grunt_pakellas_basics, lemuel_crystal_altar, uniq_menkaure, uniq_pikel
D:8:      lemuel_round_altar
D:9:      serial_shops, shop_fountains, hangedman_tell_no_tales, moated_statue
D:10:     grunt_lair_entry_orc_guard_hut, hangedman_decor_points,
          minmay_parallelograms, hangedman_abyss_or_decor_passed, uniq_fannar,
          uniq_grum
Sewer:    sewer_the_crocodile

Skill      XL: |  1  2  3  4  5  6  7 |
---------------+----------------------+-----
Stealth        | 4 5 |  5.0
Fighting       | 3 |  3.1
Dodging        | 4 5 6 |  6.1
Unarmed Combat | 5 6 8 |  8.7

Action                   |  1- 3 |  4- 6 |  7- 9 || total
-------------------------+-------+-------+-------++-------
Melee: Unarmed           |   112 |   160 |    32 ||   304
  Use: Potion            |     2 |     1 |     2 ||     5
       Scroll            |       |     4 |       ||     4
 Stab: Sleeping          |     4 |     7 |     1 ||    12
       Distracted        |       |     1 |       ||     1
  Eat: Corpse            |     8 |     5 |       ||    13
